 Dungeon Crawl Stone Soup version 0.17-a0-1399-gd5b76e1 (webtiles) character file.

81585 IcyTea the Impaler (level 15, 0/122 HPs)
             Began as a Demonspawn Abyssal Knight on June 19, 2015.
             Was a High Priest of Lugonu.
             Splashed with acid (18 damage)
             ... on level 1 of the Pits of Slime.
             The game lasted 02:50:06 (23327 turns).

IcyTea the Impaler (Demonspawn Abyssal Knight)     Turns: 23327, Time: 02:50:06

Health: 0/122      AC: 17    Str: 21    XL:     15   Next: 27%
Magic:  25/25      EV:  9    Int: 14    God:    Lugonu [*****.]
Gold:   908        SH:  0    Dex: 17    Spells: 6 memorised, 15 levels left

rFire  + + .     SeeInvis .     E - +5 glaive (chop)
rCold  + . .     Clarity  .     r - +9 chain mail of the Meadowlark {Dex+4}
rNeg   . . .     SustAt   .     (no shield)
rPois  .         Gourm    .     y - +0 hat of the Grue {rF+ rC+}
rElec  .         Spirit   .     o - +1 cloak
rCorr  +         Warding  .     (gloves unavailable)
rMut   .         Stasis   .     (boots unavailable)
MR     +....                    d - amulet of resist corrosion
Stlth  ..........               L - +3 ring of strength
                                G - +2 ring of slaying

@: corroded equipment, somewhat resistant to hostile enchantments, extremely
unstealthy
A: claws 3, hooves 3, horns 2, fire resistance 1, mutation resistance 2, sense
surroundings 1, spiny 2
a: Depart the Abyss, Bend Space, Banish, Corrupt, Enter the Abyss, Renounce
Religion


You were on level 1 of the Pits of Slime.
You worshipped Lugonu.
Lugonu was extremely pleased with you.
You were not hungry.

You visited 6 branches of the dungeon, and saw 25 of its levels.
You visited the Abyss 1 time.
You also visited: Labyrinth, Ossuary and Ice Cave.

You collected 1846 gold pieces.
You spent 938 gold pieces at shops.

Inventory:

Hand weapons
 u - the +10 spear of Amortisation {antimagic, Str+4 SInv}
   (You found it on level 5 of the Dungeon)

   It disrupts the flow of magical energy around spellcasters and certain
   magical creatures (including the wielder).
   It affects your strength (+4).
   It lets you see invisible.
 E - a +5 glaive of chopping (weapon)
Missiles
 m - 8 javelins (quivered)
 v - 2 throwing nets
 N - 24 tomahawks
 P - 3 tomahawks of returning
Armour
 o - a +1 cloak (worn)
 r - the +9 chain mail of the Meadowlark (worn) {Dex+4}
   (You found it on level 8 of the Lair of Beasts)

   It affects your dexterity (+4).
 y - the +0 hat of the Grue (worn) {rF+ rC+}
   (You acquired it on level 8 of the Dungeon)

   It protects you from fire.
   It protects you from cold.
 Q - a +4 chain mail of magic resistance
Rods
 J - a +0 rod of the swarm (12/12)
   (You found it in a labyrinth)
Jewellery
 d - an amulet of resist corrosion (around neck)
 A - the amulet of Kait {Faith rElec Str+3 Dex+6}
   (You bought it in a shop on level 7 of the Dungeon)

   [amulet of faith]

   It allows you to gain divine favour quickly.
   It affects your strength (+3).
   It affects your dexterity (+6).
   It insulates you from electricity.
 G - a +2 ring of slaying (left claw)
 L - a +3 ring of strength (right claw)
Magical devices
 a - a wand of invisibility (3)
 e - a wand of fire (4)
 x - a wand of lightning (10)
 D - a wand of draining (8)
Scrolls
 g - 6 scrolls of remove curse
 k - a scroll of recharging
 n - 4 scrolls of teleportation
 s - a scroll of identify
 t - a scroll of fear
 O - 3 scrolls of fog
 R - a scroll of immolation
Potions
 f - 5 potions of curing
 h - 3 potions of haste
 i - 5 potions of might
 l - a potion of brilliance
 z - a potion of flight
 F - a potion of cancellation
 M - a potion of agility
Miscellaneous
 j - a plain deck of wonders {Dowsing}
 C - a lamp of fire
 I - a plain deck of defence {the Alchemist}
 S - a plain deck of war {Water}
 T - a phial of floods
Comestibles
 b - 6 royal jellies
 c - 11 bread rations
 p - 9 meat rations
 q - a slice of pizza
 w - 13 fruits


   Skills:
 + Level 12.7 Fighting
 - Level 16.0 Polearms
 - Level 3.0 Throwing
 - Level 8.2 Armour
 - Level 2.4 Dodging
 - Level 7.0 Spellcasting
 - Level 7.0 Charms
 - Level 6.0 Necromancy
 - Level 7.1 Invocations
 - Level 4.0 Evocations


You had 15 spell levels left.
You knew the following spells:

 Your Spells              Type           Power        Failure   Level  Hunger
a - Repel Missiles        Chrm/Air       ##....       38%         2    #......
b - Magic Dart            Conj           #...         92%         1    None
c - Blink                 Tloc           N/A          98%         2    #......
d - Ensorcelled Hibernat  Hex/Ice        #.....       98%         2    #......
e - Regeneration          Chrm/Necr      ###.......   24%         3    ##.....
f - Mephitic Cloud        Conj/Pois/Air  #.......     100%        3    ##.....


Dungeon Overview and Level Annotations

Branches:
Dungeon (10/15)            Temple (1/1) D:5            Lair (8/8) D:8
  Swamp (2/4) Lair:4        Snake (0/4) Lair:5        Slime (2/6) Lair:7
    Orc (2/4) D:10

Altars:
Ashenzari
Cheibriados
Dithmenos
Elyvilon
Fedhas
Gozag
Kikubaaqudgha
Makhleb
Nemelex Xobeh
Okawaru
Qazlal
Ru
Sif Muna
Trog
Vehumet
Xom
Yredelemnul
Zin
The Shining One
Jiyva

Shops:
D:4 (   D:7 =   D:10 ([   Orc:1 %**

Annotations:
Lair:7 exclusion: oklob plant


Innate Abilities, Weirdness & Mutations

You have claws for hands.
You have hooves in place of feet.
You have a pair of horns on your head.
Your flesh is heat resistant.
You are mostly covered in sharp spines.
You are somewhat resistant to both further mutation and mutation removal.
You passively map a small area around you.


Message History

* * * LOW HITPOINT WARNING * * *
You are splashed with acid!
The acid burns!
You resist.
* * * LOW HITPOINT WARNING * * *
The golden eye blinks at you.
You are more confused.
The golden eye blinks!
You're too confused!
Drink which item? (? for menu, Esc to quit)
You feel better. The walls burn you! You resist.
* * * LOW HITPOINT WARNING * * *
The acid blob is struck by your spines. The acid blob closely misses you.
The golden eye blinks at you.
You are confused.
The golden eye blinks at you.
You are more confused.
The acid blob is struck by your spines. The acid blob barely misses you.
You're too confused!
Drink which item? (? for menu, Esc to quit)
You feel better. The walls burn you! You resist.
You die...

, *
###...........###...#..
##.........#.#....... *
##.................#
#.##.#..G...#.#.....
#.................... ,
##.#................. ,
##.......G..........
#..#...GGJ.........
*........@#...>.....
#......####....#.##
###.#.#* G#.......
####* . ....... * .
G....., , , * , .. * ,
* , * *


You could see an acid blob and 4 golden eyes.

Vanquished Creatures
  Kirke (Lair:5)
  A thorn hunter (Swamp:1)
  2 azure jellies (Slime:1)
  Maud (Lair:3)
  A minotaur (Lab)
  Harold (Orc:1)
  The ghost of Vergil the Nimble, a powerful DgFE (Lair:3)
  5 hydras
  6 death yaks (Lair:8)
  2 alligators
  2 ice devils (IceCv)
  4 ice statues (IceCv)
  A swamp dragon (Swamp:2)
  An orc knight (Orc:1)
  A hill giant (D:10)
  An orc sorcerer (Orc:1)
  A necromancer (IceCv)
  15 elephants
  9 black mambas
  4 torpor snails (Lair:7)
  31 spiny frogs
  2 fire drakes
  7 blue devils (IceCv)
  8 komodo dragons
  A two-headed ogre (D:8)
  The ghost of nataq the Skirmisher, an average DsFi (D:4)
  23 slime creatures
  4 giant leeches
  A boulder beetle (Lair:8)
  34 blink frogs
  2 spriggans (Swamp:1)
  A hog (Lair:5)
  2 deep elf magi (D:10)
  A deep elf fighter (D:8)
  2 hungry ghosts
  2 shadows (Swamp:1)
  7 hippogriffs
  12 vampire mosquitoes
  40 yaks
  11 swamp worms
  Edmund (D:6)
  3 sky beasts
  2 swamp drakes (Swamp:1)
  6 nagas (Lair:5)
  Duvessa (D:6)
  An ice beast (D:6)
  5 ogres
  4 wasps (Swamp:1)
  12 porcupines
  4 phantoms
  19 water moccasins
  2 black bears (D:9)
  6 orc warriors
  22 crocodiles
  3 centaurs
  Blork the orc (D:6)
  A wyvern zombie (D:8)
  An elf zombie (Ossuary)
  26 giant frogs
  Dowan (D:6)
  3 scorpions
  5 electric eels
  8 crimson imps
  3 killer bees (D:8)
  2 centaur zombies
  6 giant frog zombies
  7 orc priests
  A draconian simulacrum (IceCv)
  A human zombie (Ossuary)
  5 jellies
  4 troll simulacra (IceCv)
  8 iguanas
  11 orc wizards
  6 sheep (Lair:6)
  5 worker ants
  A hound zombie (D:6)
  A hound skeleton (D:4)
  2 mummies (Ossuary)
  A gnoll (D:3)
  5 naga simulacra (IceCv)
  13 adders
  65 river rats
  4 shadow imps
  12 white imps (Lair:2)
  An adder skeleton (D:8)
  3 worms
  3 giant geckos
  74 orcs
  4 bat skeletons
  10 giant cockroaches
  15 hobgoblins
  4 quokkas
  A ball python (D:2)
  24 bats
  A giant gecko skeleton (D:6)
  8 giant newts
  15 goblins
  A goblin zombie (Ossuary)
  8 hobgoblin zombies (Ossuary)
  3 jackals (D:2)
  2 jackal zombies (Ossuary)
  10 kobolds
  12 kobold zombies (Ossuary)
  10 orc zombies (Ossuary)
  15 rats
  A rat zombie (Ossuary)
  A fungus (D:8)
  A plant (D:9)
779 creatures vanquished.

Vanquished Creatures (others)
  2 humans (Lair:5)
  A giant frog (Lair:5)
  A giant spore (Swamp:2)
  14 fungi
  9 plants
27 creatures vanquished.

Grand Total: 806 creatures vanquished

Notes
Turn   | Place    | Note
--------------------------------------------------------------
     0 | Abyss:1  | IcyTea the Demonspawn Abyssal Knight began the quest for the Orb.
     0 | Abyss:1  | Reached XP level 1. HP: 18/18 MP: 2/2
    21 | D:1      | Escaped the Abyss
   290 | D:1      | Gained mutation: You are partially covered in sharp spines. [demonic ancestry]
   290 | D:1      | Reached XP level 2. HP: 17/24 MP: 3/3
  1091 | D:2      | Acquired Lugonu's second power
  1091 | D:2      | Gained mutation: You have large cloven feet. [demonic ancestry]
  1091 | D:2      | Reached XP level 3. HP: 29/29 MP: 4/4
  1126 | D:2      | Found a sparkling altar of Nemelex Xobeh.
  1760 | D:2      | Reached XP level 4. HP: 35/35 MP: 5/5
  2057 | D:3      | Reached skill level 4 in Polearms
  2224 | D:3      | Reached XP level 5. HP: 30/41 MP: 6/6
  2397 | D:3      | Acquired Lugonu's third power
  2397 | D:3      | Reached skill level 5 in Polearms
  2494 | D:3      | Found a basalt altar of Yredelemnul.
  2506 | D:3      | Found a glowing golden altar of the Shining One.
  2508 | D:3      | Noticed an angel
  2516 | D:3      | Noticed a profane servitor
  2959 | D:4      | Noticed a phantom
  2959 | D:4      | Noticed nataq's ghost (average DsFi)
  3071 | D:3      | Killed a phantom
  3071 | D:3      | Gained mutation: You have a pair of small horns on your head. [demonic ancestry]
  3071 | D:3      | Reached XP level 6. HP: 33/47 MP: 7/7
  3192 | D:4      | Reached skill level 6 in Polearms
  3239 | D:4      | Found Erreash's Weapon Emporium.
  3253 | D:4      | Bought a +0 halberd for 52 gold pieces
  3269 | D:4      | Killed nataq's ghost
  3269 | D:4      | Reached skill level 7 in Polearms
  3269 | D:4      | Gained mutation: Your flesh is heat resistant. [demonic ancestry]
  3269 | D:4      | Reached XP level 7. HP: 26/52 MP: 8/8
  3563 | D:4      | Found a white marble altar of Elyvilon.
  3752 | D:5      | Entered Level 5 of the Dungeon
  3771 | D:5      | Got an ichor-stained spear
  3816 | D:5      | Identified the +10 spear of Amortisation {antimagic, Str+4 SInv} (You found it on level 5 of the Dungeon)
  3990 | D:5      | Found a staircase to the Ecumenical Temple.
  3999 | Temple   | Entered the Ecumenical Temple
  4337 | D:5      | Reached skill level 8 in Polearms
  4511 | D:6      | Reached XP level 8. HP: 55/58 MP: 3/9
  4527 | D:6      | Reached skill level 9 in Polearms
  4630 | D:6      | Noticed Edmund
  4634 | D:6      | Acquired Lugonu's fourth power
  4648 | D:6      | Killed Edmund
  4697 | D:6      | Found a sand-covered staircase.
  4717 | Ossuary  | Entered an ossuary
  4900 | Ossuary  | Gained mutation: You are somewhat resistant to further mutation. [potion of beneficial mutation]
  4944 | Ossuary  | Reached skill level 10 in Polearms
  5240 | D:6      | Noticed Dowan
  5241 | D:6      | Noticed Blork the orc
  5241 | D:6      | Noticed Duvessa
  5255 | D:6      | Killed Dowan
  5257 | D:6      | Killed Duvessa
  5260 | D:6      | Killed Blork the orc
  5595 | D:6      | Learned a level 2 spell: Repel Missiles
  5672 | D:6      | Found a blossoming altar of Fedhas.
  5744 | D:6      | Reached skill level 1 in Charms
  5744 | D:6      | Gained mutation: You are mostly covered in sharp spines. [demonic ancestry]
  5744 | D:6      | Reached XP level 9. HP: 53/63 MP: 3/10
  5986 | D:6      | Reached skill level 1 in Throwing
  6195 | D:7      | Found a shadowy altar of Dithmenos.
  6233 | D:7      | Found an opulent altar of Gozag.
  6308 | D:7      | Found a sacrificial altar of Ru.
  6366 | D:7      | Found Ocri's Jewellery Emporium.
  6369 | D:7      | Bought a +3 ring of strength for 157 gold pieces
  6392 | D:7      | Acquired Lugonu's fifth power
  6649 | D:7      | Reached skill level 5 in Fighting
  6853 | D:8      | Reached skill level 5 in Invocations
  6908 | D:8      | Found a staircase to the Lair.
  7191 | D:8      | Found a snail-covered altar of Cheibriados.
  7387 | D:8      | Gained mutation: You have hoof-like feet. [demonic ancestry]
  7387 | D:8      | Reached XP level 10. HP: 61/76 MP: 5/15
  7862 | D:8      | Found a burning altar of Makhleb.
  7863 | D:8      | Found a radiant altar of Vehumet.
  7877 | D:8      | Identified a scroll of acquirement
  7878 | D:8      | Got a faintly humming hat
  7884 | D:8      | Identified the +0 hat of the Grue {rF+ rC+} (You acquired it on level 8 of the Dungeon)
  7981 | D:9      | Found an ancient bone altar of Kikubaaqudgha.
  8048 | D:9      | Reached skill level 11 in Polearms
  8513 | D:9      | Found a bloodstained altar of Trog.
  8926 | D:10     | Entered Level 10 of the Dungeon
  8989 | D:10     | Reached skill level 12 in Polearms
  9065 | D:10     | Got a jewelled scale mail
  9115 | D:10     | Noticed a hill giant
  9128 | D:10     | Killed a hill giant
  9128 | D:10     | Gained mutation: You have a pair of horns on your head. [demonic ancestry]
  9128 | D:10     | Reached XP level 11. HP: 51/81 MP: 5/16
  9465 | D:10     | Found a staircase to the Orcish Mines.
  9465 | D:10     | Found Byufit's Weapon Boutique.
  9465 | D:10     | Found Hamam's Armour Boutique.
  9544 | D:10     | Learned a level 1 spell: Magic Dart
  9547 | D:10     | Learned a level 2 spell: Blink
  9697 | D:10     | Reached skill level 13 in Polearms
  9786 | Orc:1    | Entered Level 1 of the Orcish Mines
  9807 | Orc:1    | Found Gacseat's Assorted Antiques.
  9920 | Orc:1    | Found Dimunis's Assorted Antiques.
 10078 | Orc:1    | Noticed Harold
 10103 | Orc:1    | Killed Harold
 10184 | Orc:1    | Found Zestruedu's Food Shoppe.
 11266 | D:7      | Bought the amulet of Kait {Faith rElec Str+3 Dex+6} for 729 gold pieces
 11320 | Lair:1   | Entered Level 1 of the Lair of Beasts
 11482 | Lair:1   | Identified the cursed +1 scale mail "Mashebri" {*Contam rF+ Stlth+} (You found it on level 10 of the Dungeon)
 11503 | Lair:1   | Found a labyrinth entrance.
 11516 | Lab      | Entered a labyrinth
 11714 | Lab      | Noticed a minotaur
 11726 | Lab      | Killed a minotaur
 11730 | Lab      | Got a slimy garnet amulet
 11731 | Lab      | Got an ominously black robe
 11743 | Lair:1   | Identified the amulet of Naung {Gourm rF+ Dex+4 Slay+2} (You found it in a labyrinth)
 11778 | Lair:1   | Identified a +0 rod of the swarm (12/12) (You found it in a labyrinth)
 12459 | Lair:2   | Found a frozen archway.
 12500 | Lair:2   | Reached skill level 10 in Fighting
 12574 | IceCv    | Entered an ice cave
 12736 | IceCv    | Noticed an ice statue
 12736 | IceCv    | Noticed an ice devil
 12736 | IceCv    | Noticed an ice statue
 12747 | IceCv    | Killed an ice devil
 12747 | IceCv    | Reached skill level 5 in Armour
 12885 | IceCv    | Killed an ice statue
 12992 | IceCv    | Killed an ice statue
 13008 | IceCv    | Noticed an ice devil
 13040 | IceCv    | Gained mutation: You have sharp fingernails. [demonic ancestry]
 13040 | IceCv    | Reached XP level 12. HP: 97/97 MP: 5/17
 13096 | IceCv    | Noticed an ice statue
 13096 | IceCv    | Noticed an ice statue
 13126 | IceCv    | Noticed a necromancer
 13134 | IceCv    | Killed a necromancer
 13260 | IceCv    | Killed an ice statue
 13319 | IceCv    | Reached skill level 1 in Dodging
 13342 | IceCv    | Killed an ice statue
 13493 | IceCv    | Killed an ice devil
 13625 | Lair:2   | Gained mutation: You are somewhat resistant to both further mutation and mutation removal. [potion of mutation]
 13625 | Lair:2   | Gained mutation: You have very sharp fingernails. [potion of mutation]
 13625 | Lair:2   | Gained mutation: You passively map a small area around you. [potion of mutation]
 13848 | Lair:2   | Reached skill level 1 in Evocations
 14303 | Lair:3   | Noticed Vergil's ghost (powerful DgFE)
 14315 | Lair:3   | Killed Vergil's ghost
 14332 | Lair:3   | Noticed Maud
 14364 | Lair:3   | Killed Maud
 14366 | Lair:3   | Reached skill level 14 in Polearms
 14474 | Lair:3   | Got a spiked chain mail
 14475 | Lair:3   | Identified the +3 chain mail of Bedevilment {+Blink rPois rC++ Str-5} (You found it on level 3 of the Lair of Beasts)
 14481 | Lair:3   | Got a pair of warped boots
 14487 | Lair:3   | Identified the +1 pair of boots of Idats {Str+3} (You acquired it on level 3 of the Lair of Beasts)
 15016 | Lair:4   | Found a staircase to the Swamp.
 15039 | Swamp:1  | Entered Level 1 of the Swamp
 15125 | Lair:4   | Gained mutation: You have claws for hands. [demonic ancestry]
 15125 | Lair:4   | Reached XP level 13. HP: 67/103 MP: 6/18
 15558 | Lair:4   | Noticed an eight-headed hydra
 15570 | Lair:4   | Killed an eight-headed hydra
 15672 | Lair:4   | Reached skill level 15 in Polearms
 15812 | Lair:5   | Found a staircase to the Snake Pit.
 15868 | Lair:5   | Noticed Kirke
 15888 | Lair:5   | Killed Kirke
 16219 | Lair:5   | Learned a level 2 spell: Ensorcelled Hibernation
 16682 | Lair:5   | Reached skill level 16 in Polearms
 17228 | Swamp:1  | Noticed a seven-headed hydra
 17236 | Swamp:1  | Killed a seven-headed hydra
 17719 | Swamp:1  | Noticed a thorn hunter
 17732 | Swamp:1  | Killed a thorn hunter
 17911 | Swamp:1  | Learned a level 3 spell: Regeneration
 18235 | Swamp:1  | Mutation became permanent: You have claws for hands. [demonic ancestry]
 18235 | Swamp:1  | Reached XP level 14. HP: 67/113 MP: 6/19
 18252 | Swamp:2  | Noticed a thorn hunter
 18676 | Lair:6   | Reached skill level 5 in Charms
 19238 | Lair:6   | Found a staircase to the Swamp.
 19540 | Lair:7   | Found a snail-covered altar of Cheibriados.
 19620 | Lair:7   | Found a staircase to the Slime Pits.
 19620 | Lair:7   | Found a viscous altar of Jiyva.
 20147 | Lair:8   | Entered Level 8 of the Lair of Beasts
 20433 | Lair:7   | Reached skill level 1 in Necromancy
 21183 | Lair:8   | Reached skill level 5 in Necromancy
 21807 | Lair:8   | Reached skill level 5 in Spellcasting
 22340 | Lair:8   | Gained mutation: You have hooves in place of feet. [demonic ancestry]
 22340 | Lair:8   | Reached XP level 15. HP: 86/119 MP: 25/25
 22374 | Lair:8   | Got a twisted chain mail
 22375 | Lair:8   | Identified the +9 chain mail of the Meadowlark {Dex+4} (You found it on level 8 of the Lair of Beasts)
 22626 | Lair:8   | Learned a level 3 spell: Mephitic Cloud
 22763 | Slime:1  | Entered Level 1 of the Pits of Slime
 22774 | Slime:1  | Noticed an azure jelly
 22780 | Slime:1  | Killed an azure jelly
 22842 | Slime:2  | Noticed an acid blob
 22842 | Slime:2  | Noticed an acid blob
 22842 | Slime:2  | Noticed an acid blob
 23232 | Slime:1  | Noticed an azure jelly
 23239 | Slime:1  | Killed an azure jelly
 23315 | Slime:1  | Noticed an acid blob
 23327 | Slime:1  | Splashed with acid

Vault maps used:
D:1:      lightli_arrival_statuegarden, corexii_leaking_fountain
D:2:      wad_lake_hut, nemelex_deck, first_bread
D:3:      grunt_temple_overflow_holy_war, st_stairs_3
D:4:      elyvilon_altar_1, serial_shops, shop, minmay_quantized
D:5:      minmay_temple_entry_junction
D:6:      enter_ossuary_3, fedhas_altar_fruit_tree, uniq_blork_the_orc,
          uniq_edmund, uniq_duvessa
D:7:      nicolae_ru_awakened_eye, lemuel_crystal_altar, serial_shops,
          nicolae_shop_behind_doors, nicolae_dithmenos_the_darkroom
D:8:      grunt_temple_overflow_lords_of_destruction,
          nicolae_overflow_crystal_walls, grunt_lair_entry_elf_guard_hut
D:9:      kiku_gazebo_garden_becter, old_standard_altar
D:10:     orc_david_3
Temple:   minmay_temple_curvy_8
Lair:1:   lab_entry_generic
Lair:2:   portal_ice_cave_entry_imps, st_stairs_13, serial_bayou_shore_b,
          lemuel_fruit_fields
Lair:3:   beast_lair_carwin_8, uniq_maud
Lair:4:   nicolae_swamp_entry_splash_gauntlet
Lair:5:   minmay_snake_entry_guardpost_medium, uniq_kirke
Lair:6:   swamp_mist, kennysheep_catoblepas_arena
Lair:7:   slime_altar_1, kennysheep_snail_temple
Lair:8:   minmay_lair_end_frog_pond, grunt_megastairs_4
Swamp:1:  evilmike_swamp_ruin_house_2, swamp_pool4, infiniplex_staircase_pool
Swamp:2:  nicolae_swamp_phyte_club, evilmike_swamp_ruin_rubble_2, swamp_pool3
Orc:1:    serial_shops, nicolae_shop_waterfront, shop_fountains,
          nicolae_shop_behind_doors, nicolae_orc_flooded_monolith, uniq_harold
Orc:2:    serial_shops, shop, basic_altar
Lab:      labyrinth_lava_lair, nicolae_lab_stuck, labyrinth_skeletal_remains,
          nicolae_lab_do_over, lab_statue
Ossuary:  ossuary_tomb_1
IceCv:    ice_cave_tombish

Action                   |  1- 3 |  4- 6 |  7- 9 | 10-12 | 13-15 || total
-------------------------+-------+-------+-------+-------+-------++-------
Melee: Spear             |   118 |    93 |   300 |   724 |   415 ||  1650
       Hunting sling     |       |     2 |       |       |       ||     2
       Halberd           |       |    10 |    35 |       |       ||    45
       Glaive            |       |       |       |       |   398 ||   398
       Unarmed           |       |       |       |       |     1 ||     1
Throw: Stone             |     2 |     2 |       |       |       ||     4
       Javelin           |       |       |     2 |     6 |    11 ||    19
       Tomahawk          |       |       |       |       |     4 ||     4
       Throwing net      |       |       |       |       |     1 ||     1
 Cast: Regeneration      |       |       |       |       |    31 ||    31
Evoke: Wand              |       |       |       |     1 |     2 ||     3
  Use: Scroll            |     5 |     3 |     6 |    15 |    12 ||    41
       Potion            |     1 |     1 |     2 |    10 |    14 ||    28
 Stab: Distracted        |     1 |       |       |       |       ||     1
       Invisible         |       |       |       |       |     2 ||     2
  Eat: Chunk             |     3 |     5 |    16 |    22 |    26 ||    72
       Pizza             |       |       |       |     1 |     3 ||     4
       Beef jerky        |       |       |       |     1 |       ||     1
